 Dungeon Crawl Stone Soup version 0.21-a0-47-g7c8f537 (webtiles) character file.

287 roguesci the Insei (level 6, -2/55 HPs)
             Began as a Naga Transmuter on June 8, 2017.
             Killed from afar by an orc wizard (6 damage)
             ... with a magic dart
             ... on level 4 of the Dungeon.
             The game lasted 00:10:50 (3567 turns).

roguesci the Insei (Naga Transmuter)                Turns: 3567, Time: 00:10:51

Health: -2/55      AC:  2    Str: 12    XL:     6   Next: 30%
Magic:  7/10       EV: 26    Int: 15    God:
Gold:   121        SH:  0    Dex: 22    Spells: 6/10 levels left

rFire    . . .     SeeInvis +     - Unarmed
rCold    . . .     Gourm    .   (shield currently unavailable)
rNeg     . . .     Faith    .   (armour currently unavailable)
rPois    x         Spirit   .   (helmet currently unavailable)
rElec    .         Reflect  .   (cloak currently unavailable)
rCorr    .         Harm     .   (gloves currently unavailable)
MR       .....                  (no barding)
Stlth    ++++......             (no amulet)
Regen    0.2/turn               (no ring)
MPRegen  0.2/turn               (no ring)

@: agile, spider-form, flying
A: see invisible, slow metabolism 1, spit poison 1, AC +2
a: Spit Poison, End Transformation


You were on level 4 of the Dungeon.
You were not hungry.
You were a venomous arachnid creature.
You visited 1 branch of the dungeon, and saw 4 of its levels.

You collected 121 gold pieces.

Inventory:

Hand Weapons
 l - a +1 dagger of venom (melded)
 o - a +0 vampiric whip
Missiles
 a - 12 arrows
 g - 153 stones (quivered)
Armour
 n - a +1 helmet (melded)
 s - a +2 leather armour of positive energy (melded)
Scrolls
 b - a scroll of noise {unknown}
 e - a scroll of recharging {unknown}
 f - a scroll of identify {unknown}
 m - 3 scrolls of enchant weapon {unknown}
 p - a scroll of blinking {unknown}
Books
 c - a book of Changes

   Spells                             Type                      Level
   a - Beastly Appendage              Transmutation                1
   b - Sticks to Snakes               Transmutation                2
   c - Spider Form                    Transmutation/Poison         3
   d - Ice Form                       Ice/Transmutation            4
   e - Blade Hands                    Transmutation                5
Comestibles
 d - 7 bread rations
 h - 2 royal jellies
 r - 4 fruits


   Skills:
 * Level 2.4 Fighting
 * Level 2.8 Dodging
 + Level 3.1 Stealth
 + Level 3.3 Unarmed Combat
 + Level 2.9 Spellcasting
 * Level 3.1 Transmutations
 + Level 2.1 Poison Magic


You had 6 spell levels left.
You knew the following spells:

 Your Spells              Type           Power        Failure   Level  Hunger
a - Beastly Appendage     Tmut           ##....       16%         1    #......
b - Spider Form           Tmut/Pois      ##........   41%         3    ###....


Dungeon Overview and Level Annotations

Branches:
Dungeon (4/15)
 Temple: D:4-7

Altars:
Ashenzari
Fedhas


Innate Abilities, Weirdness & Mutations

You cannot wear boots.
((Your serpentine skin is tough. (AC +2)))
You have supernaturally acute eyesight. (SInv)
((Armour fits poorly on your strangely shaped body.))
((Your system is resistant to poisons. (rPois)))
((You cover ground very slowly.))
You have a slow metabolism.
You can spit poison.


Message History

You hit the orc wizard but do no damage.
The orc wizard points at you and mumbles some strange words.
The magic dart hits you!
* * * LOW HITPOINT WARNING * * *
The orc hits you.
* * * LOW HITPOINT WARNING * * *
Casting: Spider Form
Confirm with . or Enter, or press ? or * to list all spells.
You turn into a venomous arachnid creature.
Your +1 dagger of venom melds into your body.
Your +1 helmet melds into your body.
Your +2 leather armour of positive energy melds into your body.
Your +1 dagger of venom stops dripping with poison.
You feel less protected from negative energy.
The orc wizard completely misses you. The orc closely misses you.
The orc wizard points at you and mumbles some strange words.
You easily resist.
The orc wizard points at you and mumbles some strange words.
The magic dart hits you!
You die...

.....##.................#
......#..............####
........ >..........##
##...... ..........##
.........## ####...##
##..# #..## ##s.# #..##
##oo#### #.....# #o.####
###########.##
........##.†#
............#
.........o.##


You could see an orc wizard and 2 orcs.

Vanquished Creatures
  An orc priest (D:4)
  Terence (D:2)
  Robin (D:2)
  4 gnolls
  5 adders
  3 oozes
  4 worms
  3 dart slugs
  3 leopard geckos
  9 orcs
  2 ball pythons
  2 giant cockroaches
  13 goblins
  10 hobgoblins
  3 jackals (D:2)
  10 kobolds
  3 quokkas (D:3)
  8 bats
  2 frilled lizards
  11 rats
98 creatures vanquished.

Notes
Turn   | Place    | Note
-------+----------+-------------------------------------------
     0 | D:1      | roguesci the Naga Transmuter began the quest for the Orb.
     0 | D:1      | Reached XP level 1. HP: 18/18 MP: 3/3
   199 | D:1      | Reached skill level 1 in Stealth
   222 | D:1      | Reached XP level 2. HP: 15/25 MP: 5/5
   741 | D:1      | Reached XP level 3. HP: 16/31 MP: 4/6
  1264 | D:1      | Learned a level 3 spell: Spider Form
  1389 | D:2      | Reached skill level 1 in Poison Magic
  1389 | D:2      | Reached XP level 4. HP: 19/39 MP: 7/7
  1626 | D:2      | Noticed Terence
  1645 | D:2      | Killed Terence
  1786 | D:2      | Noticed Robin
  1811 | D:2      | Killed Robin
  1811 | D:2      | Reached XP level 5. HP: 24/45 MP: 6/8
  2824 | D:3      | Found a shattered altar of Ashenzari.
  2999 | D:3      | Found a blossoming altar of Fedhas.
  3055 | D:3      | Reached XP level 6. HP: 36/55 MP: 10/10
  3318 | D:3      | Found a faded altar of an unknown god.
  3567 | D:4      | Killed from afar by an orc wizard

Vault maps used:
D:1:      eino_arrival_cavern_b
D:2:      first_bread, uniq_robin, uniq_terence
D:3:      old_standard_altar, lemuel_doored_altar,
          chequers_ecumenical_altar_simple_redux
D:4:      minmay_temple_entry_grid, serial_shops, shop, shop, shop_statue,
          kennysheep_mini, hex_large, uniq_pikel, uniq_grinder, uniq_sigmund

Skill      XL: |  1  2  3  4  5  6 |
---------------+-------------------+-----
Stealth        | 1 2 3 |  3.1
Dodging        | 2 |  2.8
Poison Magic   | 1 2 |  2.1
Fighting       | 2 |  2.4
Transmutations | 3 |  3.1
Unarmed Combat | |  3.3
Spellcasting   | |  2.9

Action                   |  1- 3 |  4- 6 || total
-------------------------+-------+-------++-------
Melee: Short sword       |    92 |    18 ||   110
       Unarmed           |     4 |    48 ||    52
       Dagger            |       |   165 ||   165
       Punch             |       |     3 ||     3
Throw: Stone             |     1 |       ||     1
 Cast: Beastly Appendage |     1 |       ||     1
       Spider Form       |       |     6 ||     6
 Abil: Spit Poison       |       |     1 ||     1
  Use: Potion            |       |     4 ||     4
 Stab: Sleeping          |     2 |     3 ||     5
  Eat: Chunk             |     1 |     6 ||     7
Armor: Robe              |    16 |    20 ||    36
       Leather armour    |       |    26 ||    26
Dodge: Dodged            |    52 |   178 ||   230
